AoeStats
← ᅚᅚᅚᅚ

MegaRandom

510228662Analyzed
3v3 RM · 2d ago on Sep 30, 2026· 81m 50s· 6 players
Game mode
Random Map
Map size
Normal (6 player)
Population
200
Speed
Normal
Resources
Standard
Victory
Conquest
Starting age
Dark Age
Ending age
Imperial Age
RankedLock teamsTeams togetherTeam positionsShared explorationLock speedFull tech treeHidden civsTurbo modeCheats
Victory
Defeat
🇺🇸 Japanese · United States
1282
+13
🇨🇱 Gurjaras · Chile
1277
+13
🇨🇱 Jurchens · Chile
1255
+14
🇨🇱 Danes · Chile
1268
-16
🇨🇱 Maya · Chile
1193
-13
🇨🇱 Slavs · Chile
1159
-11
Pelantaro
4:57 Loom
12:34 Feudal Age
16:49 Castle Age
15:57 Double-Bit Axe
18:27 Gold Mining
18:56 Horse Collar
21:47 Fervor
21:43 Scale Mail Armor
23:50 Wheelbarrow
26:43 Pikeman
28:33 Chain Mail Armor
32:40 Imperial Age
30:14 Fletching
34:49 Forging
40:48 Ballistics
41:56 Bow Saw
45:44 Heavy Plow
47:14 Hand Cart
46:46 Town Watch
47:40 Siege Engineers
50:14 Padded Archer Armor
51:21 Leather Archer Armor
51:56 Masonry
52:20 Fortified Bastions
60:16 Elite Skirmisher
61:23 Scale Barding Armor
62:00 Light Cavalry
63:02 Chain Barding Armor
63:13 Bodkin Arrow
64:22 Bracer
66:05 Plate Barding Armor
65:42 Bloodlines
66:11 Hussar
67:34 Iron Casting
67:39 Husbandry
70:04 Blast Furnace
70:21 Two-Man Saw
69:55 Crop Rotation
70:07 Ring Archer Armor
79:20 Conscription
80:22 Spies/Treason
[LHS] | yinzerito
3:28 Loom
11:56 Feudal Age
12:46 Man-at-Arms
14:42 Forging
15:23 Scale Mail Armor
15:12 Arson
23:55 Castle Age
22:44 Double-Bit Axe
23:36 Gold Mining
23:39 Stone Mining
25:30 Bow Saw
25:58 Iron Casting
25:44 Scale Barding Armor
27:02 Bloodlines
26:51 Fletching
27:17 Husbandry
28:35 Chain Barding Armor
34:05 Wheelbarrow
34:10 Horse Collar
34:17 Town Watch
41:49 Imperial Age
41:01 Hand Cart
41:09 Bodkin Arrow
41:35 Gambesons
42:17 Chain Mail Armor
42:45 Gold Shaft Mining
42:13 Cavalier
48:27 Blast Furnace
51:42 Conscription
55:32 Padded Archer Armor
57:08 Ballistics
56:56 Siege Engineers
57:36 Leather Archer Armor
58:06 Thumb Ring
58:07 Bracer
58:16 Elite Skirmisher
60:03 Ring Archer Armor
60:52 Two-Man Saw
61:18 Elite Samurai
61:59 Treadmill Crane
63:55 Capped Ram
67:10 Chemistry
67:43 Plate Mail Armor
79:59 Kataparuto
81:01 Spies/Treason
ᅚᅚᅚᅚ
7:29 Loom
10:21 Feudal Age
11:07 Double-Bit Axe
12:48 Bloodlines
20:01 Horse Collar
22:25 Castle Age
21:00 Forging
21:24 Gold Mining
23:52 Bow Saw
23:47 Husbandry
25:44 Fervor
28:41 Heavy Plow
29:50 Wheelbarrow
32:51 Iron Casting
32:22 Scale Barding Armor
34:17 Fletching
34:48 Chain Barding Armor
40:11 Imperial Age
38:19 Bodkin Arrow
40:15 Kshatriyas
43:26 Imperial Age
40:56 Light Cavalry
42:49 Scale Mail Armor
61:01 Heavy Camel Rider
66:43 Caravan
69:05 Hussar
70:23 Plate Barding Armor
70:20 Conscription
74:52 Ballistics
81:15 Treadmill Crane
tojoka
5:41 Loom
11:38 Feudal Age
16:01 Double-Bit Axe
19:11 Forging
23:10 Scale Barding Armor
26:36 Scale Mail Armor
32:14 Castle Age
33:00 Squires
32:20 Pikeman
33:20 Chain Mail Armor
33:41 Iron Casting
33:59 Bow Saw
47:52 Light Cavalry
48:55 Detinets
49:38 Bloodlines
49:49 Horse Collar
55:22 Husbandry
57:07 Wheelbarrow
56:24 Man-at-Arms
62:10 Hand Cart
68:23 Imperial Age
72:08 Imperial Age
73:40 Hussar
73:44 Halberdier
Coyote
8:26 Loom
10:43 Feudal Age
11:30 Double-Bit Axe
11:26 Horse Collar
16:28 Gold Mining
19:11 Castle Age
17:59 Fletching
18:15 Stone Mining
20:46 Bodkin Arrow
21:35 Wheelbarrow
20:46 Town Watch
22:39 Bow Saw
23:08 Heavy Plow
24:39 Hand Cart
27:31 Scale Mail Armor
27:41 Forging
27:51 Squires
27:37 Arson
27:50 Hamask
29:10 Gambesons
29:45 Chain Mail Armor
30:58 Iron Casting
39:51 Imperial Age
39:43 Ballistics
39:34 Masonry
39:20 Murder Holes
41:18 Plate Mail Armor
42:35 Blast Furnace
44:02 Elite Varangian Guard
47:20 Chemistry
46:26 Siege Engineers
47:37 Elite Jomsviking
53:48 Elite Skirmisher
54:30 Padded Archer Armor
55:49 Conscription
55:46 Leather Archer Armor
55:32 Bracer
56:28 Hoardings
57:02 Thumb Ring
61:54 Gambesons
61:39 Elite Varangian Guard
Smitty
0:33 Loom
10:22 Feudal Age
12:47 Scale Mail Armor
13:21 Forging
14:18 Wheelbarrow
16:07 Double-Bit Axe
24:38 Fletching
27:25 Castle Age
27:52 Town Watch
28:11 Bodkin Arrow
28:50 Crossbowman
33:27 Bow Saw
39:21 Hand Cart
40:06 Thumb Ring
45:10 Padded Archer Armor
48:15 Ballistics
51:54 Chain Mail Armor
52:15 Iron Casting
52:48 Leather Archer Armor
67:41 Imperial Age
68:55 Arbalester
69:37 Bracer
70:08 Ring Archer Armor
72:27 Chemistry
Connection lost

Rejoining the realm…

Still unreachable

The connection could not be restored.

Session expired

The server has moved on; the page needs a fresh start.